 Dungeon Crawl Stone Soup version 0.30-a0-652-gcc886f7154 (webtiles) character file.

Game seed: 15822799514283251482

134 Newt the Shooter (level 5, -3/49 HPs)
             Began as a Kobold Hunter on Jan 17, 2023.
             Splashed by a jelly's acid (5 damage)
             ... on level 6 of the Dungeon.
             The game lasted 00:02:41 (2093 turns).

Newt the Shooter (Kobold Hunter)                    Turns: 2093, Time: 00:02:42

Health: -3/49      AC:  4    Str:  8    XL:     5   Next: 40%
Magic:  5/5        EV: 14    Int: 11    God:
Gold:   172        SH:  0    Dex: 20    Spells: 4/4 levels left

rFire   . . .      SeeInvis +    a - +1 shortbow
rCold   + . .      Faith    .    (shield currently unavailable)
rNeg    . . .      Spirit   .    c - +0 leather armour
rPois   .          Reflect  .    f - +1 hat
rElec   .          Harm     .    (no cloak)
rCorr   .          Rampage  .    (no gloves)
Will    .....                    (no boots) Stlth
                                 (no amulet)
HPRegen 0.28/turn                k - ring of see invisible
MPRegen 0.09/turn                l - ring of protection from cold

@: berserking, lethally poisoned (-3 -> -4), flying, very quick
A: small, no large weapons, nightstalker 3
a: no special abilities


You were on level 6 of the Dungeon.
You visited 1 branch of the dungeon, and saw 4 of its levels.

You collected 172 gold pieces.

Inventory:

Hand Weapons
 a - a +1 shortbow (weapon)
Armour
 c - a +0 leather armour (worn)
 f - a +1 hat (worn)
 q - the +0 robe "Gicvony" {MP+9}
   (You found it on level 3 of the Dungeon)

   MP:        It affects your magic capacity (+9).
Jewellery
 d - a ring of positive energy
 k - a ring of see invisible (left hand)
 l - a ring of protection from cold (right hand)
 v - a +6 ring of strength
Wands
 g - a wand of flame (30)
 r - a wand of paralysis (8)
Scrolls
 b - a scroll of immolation
 e - 3 scrolls of blinking
 m - a scroll of vulnerability
 n - a scroll of fear
Potions
 h - a potion of flight
 i - a potion of berserk rage
 j - 2 potions of lignification {unknown}
 o - a potion of degeneration {unknown}
 p - a potion of curing {unknown}
 s - a potion of magic {unknown}
 t - a potion of resistance {unknown}
 u - 2 potions of brilliance {unknown}


   Skills:
 - Level 4.0 Fighting
 + Level 6.8 Ranged Weapons
 - Level 2.4 Dodging
 - Level 3.0 Stealth


You had 4 spell levels left.
You didn't know any spells.
Your spell library was empty.

Dungeon Overview and Level Annotations

Branches:
Dungeon (3/15)

Altars:
Dithmenos
Sif Muna
Xom

Shops:
D:6 :


Innate Abilities, Weirdness & Mutations

You are small and have problems with some larger weapons.
You are completely attuned to the shadows.


Message History

You shoot an arrow. The arrow barely misses the scorpion.
The scorpion stings you.
You are poisoned.
The scorpion poisons you! The jelly misses you. The scorpion stings you.
You shoot an arrow. The arrow barely misses the scorpion.
You feel very sick. The jelly misses you.
The scorpion stings you but does no damage.
You shoot an arrow. The arrow hits the scorpion!
You kill the scorpion!
You feel sick. The jelly hits you.
You are splashed with acid!
* * * LOW HITPOINT WARNING * * *
The jelly barely misses you.
Your Ranged Weapons skill increases to level 6!
You have reached level 5!
You feel clever.
It was a potion of flight.
You feel very buoyant.
You fly up into the air.
You feel sick. The jelly hits you but does no damage.
It was a potion of berserk rage.
A red film seems to cover your vision as you go berserk!
You feel yourself moving faster!
You feel mighty!
You feel sick. The jelly closely misses you.
Unknown command.
Really attack while wielding your +1 shortbow? [Y]es or [N]o only, please.
Really attack while wielding your +1 shortbow?
You clumsily bash the jelly.
Your hands burn!
* * * LOW HITPOINT WARNING * * *
The jelly is lightly wounded.
You feel sick. The jelly barely misses you.
You clumsily bash the jelly.
Your hands burn!
* * * LOW HITPOINT WARNING * * *
The jelly is moderately wounded.
* * * LOW HITPOINT WARNING * * *
You feel sick. The jelly barely misses you.
A jelly is nearby!
You are too berserk!
You clumsily bash the jelly.
Your hands burn!
You die...

#.....#<.
.........
##......∩
##..J†....
.....@....
##.......
#.......
########


You could see a jelly.

Vanquished Creatures
  A scorpion (D:6)
  2 adders (D:3)
  A dart slug (D:1)
  4 orcs (D:3)
  6 ball pythons
  6 bats
  4 endoplasms
  2 giant cockroaches
  8 goblins
  4 hobgoblins
  A quokka (D:1)
  A frilled lizard (D:1)
  6 kobolds
  6 rats
52 creatures vanquished.

Notes
Turn   | Place    | Note
-------+----------+-------------------------------------------
     0 | D:1      | Newt the Kobold Hunter began the quest for the Orb.
     0 | D:1      | Reached XP level 1. HP: 12/12 MP: 1/1
   183 | D:1      | Reached XP level 2. HP: 17/17 MP: 2/2
   306 | D:1      | Reached XP level 3. HP: 23/23 MP: 3/3
   926 | D:2      | Found a faded altar of an unknown god.
  1214 | D:3      | Reached XP level 4. HP: 29/29 MP: 4/4
  1513 | D:3      | Identified the +0 robe "Gicvony" {MP+9}
  1665 | D:3      | Found a shimmering altar of Xom.
  1678 | D:3      | Found a shadowy altar of Dithmenos.
  1769 | D:3      | Found a shimmering blue altar of Sif Muna.
  2071 | D:3      | You fall into a shaft and drop 3 floors!
  2071 | D:6      | Found Vehebibi's Book Shop.
  2076 | D:6      | Noticed a scorpion
  2088 | D:6      | Killed a scorpion
  2089 | D:6      | Reached skill level 6 in Ranged Weapons
  2089 | D:6      | Reached XP level 5. HP: 7/33 MP: 5/5
  2092 | D:6      | HP: 2/49 [poisoned by a scorpion]
  2093 | D:6      | Splashed by a jelly's acid

Illustrated notes

Levels and vault maps discovered:
D:1:      dpeg_arrival_simpleton_b, layout_basic
D:2:      layout_rooms, chequers_ecumenical_altar_island
D:3:      layout_loops_ring, minitemple, led_sif_pool, fountainhead, minivault_5
D:6:      layout_rooms, serial_shops, shop_statue, shop, nicolae_lakefront_shop,
          kennysheep_mini, kennysheep_doodads, uniq_eustachio, uniq_pikel

Skill      XL: |  1  2  3  4 |
---------------+-------------+-----
Stealth        | 2 3 |  3.0
Fighting       | 3 4 |  4.0
Ranged Weapons | 6 |  6.8
Dodging        | |  2.4

Action                   |  1- 3 |  4- 6 || total
-------------------------+-------+-------++-------
Melee: Shortbow          |       |     3 ||     3
 Fire: Shortbow          |    72 |    51 ||   123
  Use: Scroll            |     8 |       ||     8
       Potion            |       |     2 ||     2
Armor: Leather armour    |    17 |    11 ||    28
Dodge: Dodged            |    42 |    32 ||    74

Table legend: (Time is in decaauts)
 A = Elapsed time spent in this place.
 B = Non-inter-level travel time spent in this place.
 C = Inter-level travel time spent in this place.
 D = Time resting spent in this place.
 E = Time spent auto-exploring this place.
 F = Levels seen in this place.
 G = Mean time per level.
                   A        B        C        D        E       F      G
               +--------+--------+--------+--------+--------+-----+--------+
         Total |   2138 |   2048 |     90 |     79 |   1685 |   4 |  534.5 |
       Dungeon |   2138 |   2048 |     90 |     79 |   1685 |   4 |  534.5 |
               +--------+--------+--------+--------+--------+-----+--------+

Top non-repeatable levels by time:
     D:3: 875 daAuts
     D:1: 656 daAuts
     D:2: 581 daAuts
     D:6: 25 daAuts
